 Dungeon Crawl Stone Soup version 0.17-a0-2098-gf59d6bc (webtiles) character file.

275 st0uf the Cudgeler (level 6, -13/52 HPs)
             Began as a Minotaur Monk on Oct 17, 2015.
             Killed from afar by Pikel (22 damage)
             ... with a wand of fire
             ... on level 4 of the Dungeon.
             The game lasted 00:13:25 (3501 turns).

st0uf the Cudgeler (Minotaur Monk)                  Turns: 3501, Time: 00:13:25

Health: -13/52     AC:  5    Str: 17    XL:     6   Next: 3%
Magic:  5/5        EV: 12    Int:  7    God:
Gold:   205        SH:  0    Dex: 13    Spells: 0 memorised, 5 levels left

rFire  . . .     SeeInvis .     r - +2 flail (drain)
rCold  . . .     Clarity  .     h - +0 ring mail
rNeg   . . .     SustAt   .     (no shield)
rPois  .         Gourm    .     (helmet restricted)
rElec  .         Spirit   .     (no cloak)
rCorr  .         Warding  .     (no gloves)
rMut   .         Stasis   .     (no boots)
MR     .....                    (no amulet)
Stlth  +.........               (no ring)
                                (no ring)

@: about to teleport, not resistant to hostile enchantments, very unstealthy
A: retaliatory headbutt, horns 2
a: no special abilities


You were on level 4 of the Dungeon.
You were not hungry.

You visited 1 branch of the dungeon, and saw 4 of its levels.

You collected 205 gold pieces.

Inventory:

Hand Weapons
 r - a +2 flail of draining (weapon)
Armour
 h - a +0 ring mail (worn)
 w - a +0 leather armour
Wands
 u - a wand of magic darts (34)
Scrolls
 c - 4 scrolls of teleportation
 e - a scroll of noise {unknown}
 f - 2 scrolls of immolation {unknown}
 k - 2 scrolls of remove curse
 q - a scroll of fear {unknown}
 s - a scroll of magic mapping {unknown}
 t - a scroll of recharging {unknown}
Potions
 g - 3 potions of ambrosia
 i - a potion of haste {unknown}
 j - a potion of brilliance {unknown}
 l - 2 potions of curing
 m - a potion of flight {unknown}
 p - a potion of might
Comestibles
 b - 3 bread rations
 d - 4 meat rations
 o - a beef jerky
 v - 2 slices of pizza


   Skills:
 - Level 4.2 Fighting
 + Level 6.8 Maces & Flails
 - Level 3.2 Dodging
 - Level 1.5 Stealth
 - Level 4.3 Unarmed Combat


You had 5 spell levels left.
You didn't know any spells.

Dungeon Overview and Level Annotations

Branches:
Dungeon (4/15)
 Temple: D:4-7

Altars:
Ru

Annotations:
D:4 Pikel


Innate Abilities, Weirdness & Mutations

You reflexively headbutt those who attack you in melee.
You have a pair of horns on your head.


Message History

Pikel zaps a wand.
The bolt of fire hits you!
It is a wand of fire.
You barely miss Pikel.
Pikel is moderately wounded.
Pikel zaps a wand.
The bolt of fire hits you! Pikel barely misses you. You furiously retaliate!
You headbutt Pikel, but do no damage. You barely miss Pikel.
Pikel is moderately wounded.
Pikel zaps a wand.
The bolt of fire hits you!
* * * LOW HITPOINT WARNING * * *
What do you say? t - Shout!
Orders for allies: a - Attack new target. r - Retreat! s - Stop attacking. w - Wait here. f - Follow me.
Anything else - Stay silent.
Okay, then.
Read which item? (? for menu, Esc to quit)
As you read the scroll of teleportation, it crumbles to dust.
You feel strangely unstable.
Pikel zaps a wand.
The bolt of fire hits you!
You die...

###### ##....## ..# .
#......# ..# .. #......#
..# ... ###......# ..#
.... #####..[.[<..# ..#
..... #)pK@.##....##
..##......>##.########.##
(.............# #.# .#
........## #.# ...#
.....##.. #.# #..# ....
...# #.# .## ... .a..#
#.# . .. ..K.. .# ## .
.....#


You could see Pikel and a slave.

Vanquished Creatures
  3 slaves (D:4)
  A hound (D:4)
  An orc priest (D:4)
  3 worker ants
  Robin (D:3)
  4 gnolls (D:3)
  An adder (D:2)
  2 oozes (D:3)
  2 worms (D:2)
  A giant gecko (D:1)
  8 orcs
  4 hobgoblins
  5 jackals (D:3)
  2 ball pythons
  9 bats
  5 giant cockroaches
  4 giant newts
  18 goblins
  5 kobolds
  5 rats
84 creatures vanquished.

Notes
Turn   | Place    | Note
--------------------------------------------------------------
     0 | D:1      | st0uf the Minotaur Monk began the quest for the Orb.
     0 | D:1      | Reached XP level 1. HP: 19/19 MP: 0/0
   479 | D:1      | Reached XP level 2. HP: 27/27 MP: 1/1
   501 | D:1      | Reached skill level 1 in Maces & Flails
   856 | D:2      | Found a sacrificial altar of Ru.
   914 | D:2      | Reached XP level 3. HP: 14/33 MP: 2/2
  1835 | D:3      | Reached XP level 4. HP: 21/40 MP: 3/3
  1843 | D:3      | HP: 1/40 [gnoll/whip (6)]
  2507 | D:3      | Reached skill level 5 in Maces & Flails
  2815 | D:3      | Reached XP level 5. HP: 46/46 MP: 4/4
  2840 | D:3      | Noticed Robin
  2862 | D:3      | Killed Robin
  3240 | D:4      | Noticed a slave
  3241 | D:4      | Noticed a slave
  3241 | D:4      | Noticed a slave
  3256 | D:4      | Killed a slave
  3263 | D:4      | Noticed a slave
  3273 | D:4      | Killed a slave
  3309 | D:4      | Killed a slave
  3313 | D:4      | Reached skill level 6 in Maces & Flails
  3483 | D:4      | Noticed Pikel
  3497 | D:4      | Reached XP level 6. HP: 37/52 MP: 5/5
  3501 | D:4      | Killed from afar by Pikel

Vault maps used:
D:1:      minmay_arrival_four_circles, hex_large
D:2:      first_bread, serial_forest, infiniplex_forest_clump_small,
          infiniplex_forest_end_1, infiniplex_forest_corner_1,
          infiniplex_forest_3_way, nicolae_ru_awakened_eye
D:3:      kennysheep_goblin_castle
D:4:      serial_shops, kennysheep_mini, lightli_sewer_entry_pipes,
          minmay_item_behind_shaft, uniq_edmund, uniq_pikel

Action                   |  1- 3 |  4- 6 || total
-------------------------+-------+-------++-------
Melee: Unarmed           |    13 |       ||    13
       Club              |    68 |    29 ||    97
       Flail             |       |    84 ||    84
  Use: Scroll            |       |     7 ||     7
 Stab: Sleeping          |     3 |       ||     3
  Eat: Chunk             |     3 |     5 ||     8
